 Dungeon Crawl Stone Soup version 0.22-a0-596-gfbd32a6 (webtiles) character file.

51 sking99 the Ruffian (level 3, 0/28 HPs)
             Began as a Draconian Transmuter on July 5, 2018.
             Slain by an adder (4 damage)
             ... on level 2 of the Dungeon.
             The game lasted 00:01:59 (1530 turns).

sking99 the Ruffian (Draconian Transmuter)          Turns: 1530, Time: 00:02:00

Health: 0/28       AC:  5    Str: 12    XL:     3   Next: 57%
Magic:  5/6        EV: 12    Int: 14    God:
Gold:   78         SH:  0    Dex: 11    Spells: 3/6 levels left

rFire    . . .     SeeInvis .     - Unarmed
rCold    . . .     Gourm    .   (no shield)
rNeg     . . .     Faith    .   (armour unavailable)
rPois    .         Spirit   .   (helmet restricted)
rElec    .         Reflect  .   (no cloak)
rCorr    .         Harm     .   (no gloves)
MR       .....                  (no boots)
Stlth    +.........             (no amulet)
HPRegen  0.09/turn              (no ring)
MPRegen  0.10/turn              (no ring)

@: lethally poisoned (0 -> -3), appendage (expiring), drained
A: unfitting armour, horns 2, cold-blooded, AC +5
a: End Transformation


You were on level 2 of the Dungeon.
You were not hungry.
You had grown temporary horns.
You visited 1 branch of the dungeon, and saw 2 of its levels.

You collected 78 gold pieces.

Inventory:

Missiles
 a - 33 arrows (quivered)
Jewellery
 h - a cursed ring of flight {unknown}
Scrolls
 e - 2 scrolls of remove curse {unknown}
 f - 2 scrolls of fog {unknown}
 i - a scroll of enchant weapon {unknown}
 j - a scroll of amnesia {unknown}
Potions
 d - a potion of curing {unknown}
 g - a potion of haste {unknown}
Comestibles
 b - 2 chunks of flesh
 c - 3 rations


   Skills:
 - Level 1.1(0.9) Fighting
 - Level 1.7(1.5) Dodging
 + Level 4.6(4.4) Unarmed Combat
 - Level 2.0(1.8) Spellcasting
 - Level 2.0(1.8) Transmutations


You had 3 spell levels left.
You knew the following spells:

 Your Spells              Type           Power        Failure   Level  Hunger
a - Beastly Appendage     Tmut           #.....       12%         1    ##.....
b - Sticks to Snakes      Tmut           #.......     17%         2    ###....

Your spell library contained the following spells:

 Spells                   Type           Power        Failure   Level  Hunger
 Spider Form              Tmut/Pois      #.........   45%         3    ####...
 Blade Hands              Tmut           #.........   97%         5    ######.
 Ice Form                 Ice/Tmut       #.......     86%         4    #####..


Dungeon Overview and Level Annotations

Branches:
Dungeon (2/15)

Altars:
Dithmenos
Vehumet


Innate Abilities, Weirdness & Mutations

Your plain brown scales are hard. (AC +5)
You cannot fit into any form of body armour.
You are cold-blooded and may be slowed by cold attacks.
You have a pair of horns on your head.


Message History

You feel sick. The adder bites you but does no damage.
You closely miss the adder.
The adder is heavily wounded.
The adder closely misses you. x2
You closely miss the adder.
The adder is heavily wounded.
The adder bites you but does no damage. The worm bites you!
* * * LOW HITPOINT WARNING * * *
Your transformation is almost over.
* * * LOW HITPOINT WARNING * * *
You feel sick.
You closely miss the adder. Your headbutt misses the adder.
The adder is heavily wounded.
A bat comes into view.
The adder barely misses you.
You barely miss the adder.
The adder is heavily wounded.
* * * LOW HITPOINT WARNING * * *
You feel sick. The adder bites you.
You die...

... ... #........#.###
... ..........#... .....
#......b.......
......#.............. ...
..#..........#.. ...
.............# ###.. ...
#...........#...... ...
#.........@Sw$..... ....
#..........#....... ##.#
#..........#.......
...####....####..##......
..[........# #.[# ......
...........# #..# #+##..
...........# #..# .
...........# #..#
...........# ....


You could see a worm, an adder and a bat.

Vanquished Creatures
  A dart slug (D:1)
  4 leopard geckos
  A ball python (D:1)
  4 bats (D:1)
  3 giant cockroaches (D:1)
  7 goblins (D:1)
  4 hobgoblins (D:1)
  2 jackals (D:1)
  6 kobolds
  3 frilled lizards (D:1)
  4 rats
39 creatures vanquished.

Notes
Turn   | Place    | Note
-------+----------+-------------------------------------------
     0 | D:1      | sking99 the Draconian Transmuter began the quest for the Orb.
     0 | D:1      | Reached XP level 1. HP: 16/16 MP: 3/3
   245 | D:1      | Reached XP level 2. HP: 20/23 MP: 5/5
   476 | D:1      | Reached skill level 4 in Unarmed Combat
   740 | D:1      | Reached XP level 3. HP: 18/28 MP: 6/6
   854 | D:1      | Learned a level 2 spell: Sticks to Snakes
  1416 | D:2      | Found a radiant altar of Vehumet.
  1426 | D:2      | Found a shadowy altar of Dithmenos.
  1530 | D:2      | Slain by an adder

Vault maps used:
D:1:      minmay_arrival_up_and_down
D:2:      fiery_altar_vehumet, overflow_temple_1_default

Skill      XL: |  1  2 |
---------------+-------+-----
Unarmed Combat | 4 |  4.6
Fighting       | |  1.1
Dodging        | |  1.7
Spellcasting   | |  2.0
Transmutations | |  2.0

Action                   || total
-------------------------++-------
Melee: Unarmed           ||   144
       Tailslap          ||    12
       Punch             ||     1
 Cast: Beastly Appendage ||     1
 Stab: Distracted        ||     1
  Eat: Chunk             ||     2
Armor: Skin              ||    40
Dodge: Dodged            ||    87

Table legend:
 A = Spawn XP
 B = Non-spawn XP
 C = Spawn XP percentage of total XP
 D = Spawn monster count
 E = Non-spawn monster count
 F = Spawn count percentage of total count
 G = Total turns spent on level
                    A         B        C        D         E        F      G
               +---------+---------+-------+---------+---------+-------+---------
         Total |       0 |      73 |   0.0 |       0 |      39 |   0.0 |  1530
               +---------+---------+-------+---------+---------+-------+---------
           D:1 |       0 |      68 |   0.0 |       0 |      36 |   0.0 |  1330
           D:2 |       0 |       5 |   0.0 |       0 |       3 |   0.0 |   200
               +---------+---------+-------+---------+---------+-------+---------
